 Dungeon Crawl Stone Soup version 0.29-a0-243-g602b31c20e (webtiles) character file.

Game seed: 6778736863150578375

4 esteth the Ruffian (level 1, 0/19 HPs)
             Began as a Gnoll Wanderer on Mar 4, 2022.
             Slain by a jackal (2 damage)
             ... on level 1 of the Dungeon.
             The game lasted 00:00:32 (105 turns).

esteth the Ruffian (Gnoll Wanderer)                  Turns: 105, Time: 00:00:33

Health: 0/19       AC:  2    Str: 11    XL:     1   Next: 60%
Magic:  4/4        EV: 12    Int: 13    God:
Gold:   19         SH:  0    Dex:  9    Spells: 4/5 levels left

rFire   . . .      SeeInvis .   a - +0 club
rCold   . . .      Faith    .   (no shield)
rNeg    . . .      Spirit   .   d - +0 robe
rPois   .          Reflect  .   (no helmet)
rElec   .          Harm     .   (no cloak)
rCorr   .          Rampage  .   (no gloves)
Will    .....                   (no boots)
Stlth   ..........              (no amulet)
HPRegen 0.06/turn               (no ring)
MPRegen 0.09/turn               (no ring)

@: berserking (expiring), hasted, studying Crossbows, very quick
A: fangs 1, strong nose, distributed training
a: no special abilities


You were on level 1 of the Dungeon.
You visited 1 branch of the dungeon, and saw 1 of its levels.

You collected 19 gold pieces.


Innate Abilities, Weirdness & Mutations

You have very sharp teeth.
Your uncanny sense of smell can sniff out nearby items.
Your experience applies equally to all skills.


   Skills:
 + Level 0.1 Fighting
 + Level 0.1 Short Blades
 + Level 0.1 Long Blades
 + Level 0.1 Axes
 + Level 0.1 Maces & Flails
 + Level 0.1 Polearms
 + Level 0.1 Staves
 + Level 0.1 Slings
 + Level 0.1 Bows
 + Level 0.3 Crossbows
 + Level 0.1 Throwing
 + Level 0.1 Armour
 + Level 2.4 Dodging
 + Level 0.1 Stealth
 + Level 0.1 Shields
 + Level 6.4 Unarmed Combat
 + Level 2.6 Spellcasting
 + Level 0.1 Conjurations
 + Level 0.1 Hexes
 + Level 0.1 Summonings
 + Level 0.1 Necromancy
 + Level 0.1 Translocations
 + Level 2.0 Transmutations
 + Level 0.1 Fire Magic
 + Level 0.1 Ice Magic
 + Level 0.1 Air Magic
 + Level 0.1 Earth Magic
 + Level 0.1 Poison Magic
 + Level 4.4 Invocations
 + Level 4.4 Evocations


You had 4 spell levels left.
You knew the following spells:

 Your Spells              Type           Power      Damage    Failure   Level
s - Sting                 Tmut/Pois      16%        1d3       16%         1

Your spell library contained the following spells:

 Spells                   Type           Power      Damage    Failure   Level
 Ignite Poison            Fire/Tmut/Pois 3%         N/A       47%         3

Inventory:

Hand Weapons
 a - a +0 club (weapon)
Missiles
 h - 18 stones
Armour
 d - a +0 robe (worn)
Wands
 c - a wand of polymorph (7)
Scrolls
 f - a scroll of brand weapon {unknown}
Potions
 g - a potion of mutation {unknown}

Dungeon Overview and Level Annotations

Branches:
Dungeon (1/15)

Altars:

#.# ### ..#..... #.# #..
.#.^... #.# #.#
##.....#. #.# #.#
#......#. #.# #.# #
#......#.
#.###.##.###....#.#.
#..........#...##.#.
#.#.#.##...#.....⌠#.
#.#@#.# ###..#####.
#.#h#.# #.........<
#.hw#.####.#..#####.
###.#......#.....⌠#.
#.########...##.#.
#######.### #....#.#.
..........# #......#.
##.######.######......#.
#hh....##.....#.


You could see a dart slug and 2 jackals.


Message History

🤖 Initializing magus.rc ...
Options error: Bad monster_list_colour key: strict_neutral (~/.crawlrc:5438) ✅ Successfully initialized magus.rc [v1.11.3] Welcome, esteth the Gnoll Wanderer.
You feel drawn to the Orb of Zot, downwards into the unfathomable depths...
Press ? for a list of commands and other information.
Found a manual of Crossbows.
Found a staircase leading out of the dungeon.
You begin with the following items: a +0 club, a potion of berserk rage {!q}, a wand of polymorph (7), a +0 robe, a potion of haste {@q3}; and the following spell memorised: Sting; and the following spells available to memorise: Ignite Poison.
You pick up a manual of Crossbows {!d} and begin studying.
f - a scroll labelled ANKEYN JUTU
g - a black potion You now have 10 gold pieces.
h - 18 stones You now have 19 gold pieces (gained 9).
A jackal comes into view.
The jackal barks!
You hear a bark!
A dart slug comes into view.
A jackal comes into view.
The jackal barks!
You hear a bark!
A jackal comes into view.
A jackal comes into view.
A kobold comes into view. It is wielding a +0 short sword.
You closely miss the jackal.
The kobold shouts!
The jackal closely misses you. The jackal misses you.
The jackal bites you. 😕 HP[-2]
You take 2 damage, and now have 11/13 hp.
You hit the jackal but do no damage. The jackal barely misses you.
The jackal closely misses you. The jackal bites you. 😮 HP[-2]
You take 2 damage, and now have 9/13 hp.
You barely miss the jackal. The jackal closely misses you.
The jackal barely misses you.
You miss the jackal. The jackal closely misses you.
The jackal barely misses you.
You closely miss the jackal. The jackal barely misses you.
The jackal bites you but does no damage.
You barely miss the jackal.
The jackal bites you but does no damage.
You closely miss the jackal. The jackal barely misses you.
The jackal bites you. 😮 HP[-1]
You take 1 damage, and now have 8/13 hp.
You closely miss the jackal. The jackal bites you. x2
* * * LOW HITPOINT WARNING * * *
😨 HP[-3]
You take 3 damage, and now have 5/13 hp.
MASSIVE DAMAGE!! (PAUSE)
You feel yourself speed up. The jackal misses you. The jackal bites you.
* * * LOW HITPOINT WARNING * * *
😱 HP[-3]
You take 3 damage, and now have 2/13 hp.
MASSIVE DAMAGE!! (PAUSE) Really quaff
b - a potion of berserk rage {!q}?
A red film seems to cover your vision as you go berserk!
You feel yourself moving faster!
You feel mighty! 😱 HP[+2]
You now have 19 max hp (+6).
You regained 2 hp, and now have 4/19 hp.
You barely miss the jackal. The jackal barely misses you.
You sock the jackal!
You kill the jackal!
The jackal closely misses you.
You closely miss the jackal. The jackal closely misses you.
You sock the jackal!
You kill the jackal!
You closely miss the kobold. The kobold barely misses you.
You hit the kobold. The kobold hits you but does no damage.
You sock the kobold!
You kill the kobold!
Your Transmutations skill increases to level 2!
You completely miss the jackal. You bite the jackal. The jackal bites you.
* * * LOW HITPOINT WARNING * * *
The jackal bites you.
You die...

Skill      XL: |  1 |
---------------+----+-----
Transmutations | 2 |  2.0
Fighting       | |  0.1
Short Blades   | |  0.1
Long Blades    | |  0.1
Axes           | |  0.1
Maces & Flails | |  0.1
Polearms       | |  0.1
Staves         | |  0.1
Slings         | |  0.1
Bows           | |  0.1
Crossbows      | |  0.3
Throwing       | |  0.1
Armour         | |  0.1
Dodging        | |  2.4
Stealth        | |  0.1
Shields        | |  0.1
Unarmed Combat | |  6.4
Spellcasting   | |  2.6
Conjurations   | |  0.1
Hexes          | |  0.1
Summonings     | |  0.1
Necromancy     | |  0.1
Translocations | |  0.1
Fire Magic     | |  0.1
Ice Magic      | |  0.1
Air Magic      | |  0.1
Earth Magic    | |  0.1
Poison Magic   | |  0.1
Invocations    | |  4.4
Evocations     | |  4.4

Action                   || total
-------------------------++-------
Melee: Club              ||    16
       Bite              ||     1
  Use: Potion            ||     2
Armor: Robe              ||     3
Dodge: Dodged            ||    15

Levels and vault maps discovered:
D:1:      matt_arrival_grand_opening, layout_loops_ring

Notes
Turn   | Place    | Note
-------+----------+-------------------------------------------
     0 | D:1      | esteth the Gnoll Wanderer began the quest for the Orb.
     0 | D:1      | esteth set off with the following items: a +0 club, a
                  | potion of berserk rage {!q}, a wand of polymorph (7), a +0
                  | robe, a potion of haste {@q3}; and the following spell
                  | memorised: Sting; and the following spells available to
                  | memorise: Ignite Poison
     0 | D:1      | Reached XP level 1. HP: 13/13 MP: 4/4
     0 | D:1      | magus.rc [v1.11.3]
    96 | D:1      | HP: 2/13 [jackal (3)]
   105 | D:1      | Reached skill level 2 in Transmutations
   105 | D:1      | HP: 2/19 [jackal (2)]
   105 | D:1      | Slain by a jackal

Vanquished Creatures
  2 jackals (D:1)
  A kobold (D:1)
3 creatures vanquished.

Table legend:
 A = Non-vault XP
 B = Vault XP
 C = Vault XP percentage of total XP
 D = Non-vault monster count
 E = Vault monster count
 F = Vault count percentage of total count
                 A         B        C        D         E       F
            +---------+---------+-------+---------+---------+-------
      Total |       6 |       0 |   0.0 |       3 |       0 |   0.0
            +---------+---------+-------+---------+---------+-------
        D:1 |       6 |       0 |   0.0 |       3 |       0 |   0.0
            +---------+---------+-------+---------+---------+-------

Illustrated notes

Table legend:
 A = Kills in this place as a percentage of kills in entire the game.
 B = Kills by you in this place as a percentage of kills by you in the entire game.
 C = Kills by friends in this place as a percentage of kills by friends in the entire game.
 D = Other kills in this place as a percentage of other kills in the entire game.
 E = Experience gained in this place as a percentage of experience gained in the entire game.
 F = Experience gained in this place divided by the number of levels of this place that you have seen.
                   A       B       C       D       E      F
               +-------+-------+-------+-------+-------+----------------------
         Total | 100.0 | 100.0 |   N/A |   N/A | 100.0 |   6.0
       Dungeon | 100.0 | 100.0 |   N/A |   N/A | 100.0 |   6.0
               +-------+-------+-------+-------+-------+----------------------

Table legend: (Time is in decaauts)
 A = Elapsed time spent in this place.
 B = Non-inter-level travel time spent in this place.
 C = Inter-level travel time spent in this place.
 D = Time resting spent in this place.
 E = Time spent auto-exploring this place.
 F = Levels seen in this place.
 G = Mean time per level.
                   A        B        C        D        E       F      G
               +--------+--------+--------+--------+--------+-----+--------+
         Total |    105 |    105 |      0 |      0 |     69 |   1 |  105.0 |
       Dungeon |    105 |    105 |      0 |      0 |     69 |   1 |  105.0 |
               +--------+--------+--------+--------+--------+-----+--------+

Top non-repeatable levels by time:
     D:1: 105 daAuts
